 Dungeon Crawl Stone Soup version 0.20.1-1-g8b1a95d (webtiles) character file.

262 glosham the Ducker (level 5, -2/27 HPs)
             Began as a Deep Elf Abyssal Knight on Oct 31, 2017.
             Was a Priest of Lugonu.
             Slain by an iguana (9 damage)
             ... on level 3 of the Dungeon.
             The game lasted 00:58:55 (3330 turns).

glosham the Ducker (Deep Elf Abyssal Knight)        Turns: 3330, Time: 00:58:56

Health: -2/27      AC:  7    Str:  7 (9)  XL:     5   Next: 97%
Magic:  8/8        EV: 13    Int: 17 (18) God:    Lugonu [***...]
Gold:   94         SH:  0    Dex: 11 (14) Spells: 4/4 levels left

rFire    . . .     SeeInvis .   a - +0 quarterstaff (curse)
rCold    . . .     Gourm    .   (shield currently unavailable)
rNeg     . . .     Faith    .   X - +1 robe
rPois    .         Spirit   .   U - +2 helmet
rElec    .         Reflect  .   (no cloak)
rCorr    .         Harm     .   V - +0 pair of gloves
MR       .....                  (no boots)
Stlth    ++........             (no amulet)
Regen    0.1/turn               A - ring of stealth
MPRegen  0.2/turn               B - ring of wizardry

@: no status effects
A: claws 1, talons 1, frail 1
a: Depart the Abyss, Bend Space, Banish, Renounce Religion


You were on level 3 of the Dungeon.
You worshipped Lugonu.
Lugonu was most pleased with you.
You were not hungry.

You visited 1 branch of the dungeon, and saw 4 of its levels.
You visited the Abyss 1 time.

You collected 94 gold pieces.

Inventory:

Hand Weapons
 a - a cursed +0 quarterstaff (weapon)
 b - a +1 spear
 i - a +0 rapier
 j - a +0 dagger
 l - a +0 hunting sling
 m - a +0 trident
 q - a cursed +0 whip
Missiles
 c - 119 stones (quivered)
 d - 23 poisoned needles
 e - 25 arrows
Armour
 U - a +2 helmet (worn)
 V - a +0 pair of gloves (worn)
 X - a +1 robe (worn)
Jewellery
 A - a ring of stealth (left hand)
 B - a ring of wizardry (right hand)
Wands
 g - a wand of paralysis (7/24)
Scrolls
 h - a scroll of amnesia
 s - a scroll of fear
Comestibles
 f - 2 bread rations
 k - a chunk of flesh
 o - 4 fruits
 r - a meat ration


   Skills:
 - Level 2.4 Fighting
 - Level 1.3(2.5) Polearms
 - Level 4.2(4.5) Staves
 - Level 0.7 Armour
 * Level 4.4 Dodging
 - Level 1.0 Stealth
 - Level 2.0 Invocations
 - Level 2.1 Evocations


You had 4 spell levels left.
You didn't know any spells.

Dungeon Overview and Level Annotations

Branches:
Dungeon (4/15)
 Temple: D:4-7

Altars:
Elyvilon
Hepliaklqana
Trog
Yredelemnul

Annotations:
D:3 fire vault, Terence


Innate Abilities, Weirdness & Mutations

You have sharp fingernails.
You have sharp toenails.
You are frail. (-10% HP)


Message History

You barely miss the iguana.
The iguana is heavily wounded.
The iguana bites you but does no damage.
You hit the iguana but do no damage. You claw the iguana.
The iguana is heavily wounded.
The iguana bites you!
You hit the iguana.
The iguana is heavily wounded.
The iguana closely misses you.
You barely miss the iguana.
The iguana is heavily wounded.
The iguana closely misses you.
You hit the iguana. Your kick misses the iguana.
The iguana is severely wounded.
The iguana closely misses you.
You hit the iguana but do no damage. You claw the iguana, but do no damage.
The iguana is heavily wounded.
The iguana bites you but does no damage.
You hit the iguana.
The iguana is severely wounded.
The iguana bites you.
* * * LOW HITPOINT WARNING * * *
The iguana closely misses you.
Unknown command.
Unknown command.
There is a stone staircase leading up here.
The iguana bites you.
* * * LOW HITPOINT WARNING * * *
You climb upwards.
Level annotation: fire vault, Terence
There is a stone staircase leading down here.
Unknown command.
Items here: ))) [[ a robe; a dagger; a leather armour; a mace; a club The iguana hisses menacingly.
The iguana hisses menacingly.
The iguana hisses menacingly.
You see here a club.
The iguana bites you!
You die...

#.#.# ##...###
#.#.#########.....##
#.#...†....#.......#
#.##########..._...#
#.# #.......#
#.###### ##.....##
#......# ##...##.
#.####.########.###.
#..@.#<......[...###
####l###########..#.
#.# ##... #.# ##.#
#.#############.#
#)...........##.#
############.##..
#.#### #.#


You could see an iguana.

Vanquished Creatures
  An orc wizard (D:3)
  A worker ant (D:4)
  8 adders
  An ooze (D:2)
  An adder skeleton (D:4)
  8 worms
  3 dart slugs
  2 leopard geckos (D:3)
  8 orcs (D:3)
  15 bats
  3 giant cockroaches (D:3)
  11 goblins
  6 hobgoblins
  4 jackals
  A quokka (D:2)
  8 frilled lizards
  8 kobolds
  9 rats
  A spectral orc (D:3)
99 creatures vanquished.

Notes
Turn   | Place    | Note
-------+----------+-------------------------------------------
     0 | Abyss:1  | glosham the Deep Elf Abyssal Knight began the quest for the Orb.
     0 | Abyss:1  | Reached XP level 1. HP: 13/13 MP: 4/4
    39 | Abyss:2  | Noticed a thrashing horror
    41 | D:1      | Escaped the Abyss
    88 | D:1      | Reached skill level 1 in Staves
   178 | D:1      | Reached XP level 2. HP: 18/18 MP: 5/5
   212 | D:1      | Reached * piety under Lugonu
   271 | D:1      | Reached skill level 2 in Staves
   571 | D:1      | Reached XP level 3. HP: 17/22 MP: 6/6
   794 | D:2      | Reached skill level 3 in Staves
   835 | D:2      | HP: 2/22 [worm (5)]
   880 | D:2      | HP: 1/22 [kobold/stone (4)]
  1114 | D:2      | HP: 2/22 [adder (4)]
  1118 | D:2      | Gained mutation: You have sharp fingernails. [potion of mutation]
  1118 | D:2      | Gained mutation: You are frail. (-10% HP) [potion of mutation]
  1118 | D:2      | Gained mutation: You have sharp toenails. [potion of mutation]
  1213 | D:2      | Reached XP level 4. HP: 9/24 MP: 7/7
  1484 | D:2      | Found a bloodstained altar of Trog.
  1595 | D:2      | Reached ** piety under Lugonu
  1636 | D:2      | Reached skill level 4 in Staves
  1691 | D:3      | Found a basalt altar of Yredelemnul.
  1929 | D:3      | Found a hazy altar of Hepliaklqana.
  1941 | D:3      | Reached skill level 1 in Evocations
  1953 | D:3      | Reached skill level 2 in Evocations
  1953 | D:3      | Reached XP level 5. HP: 18/27 MP: 8/8
  2050 | D:1      | Reached skill level 1 in Stealth
  2292 | D:3      | Reached skill level 3 in Dodging
  2353 | D:3      | Found a white marble altar of Elyvilon.
  2491 | D:3      | Reached *** piety under Lugonu
  2753 | D:3      | Noticed Terence
  2852 | D:4      | Reached skill level 4 in Dodging
  3272 | D:4      | HP: 2/27 [iguana (2)]
  3330 | D:3      | Slain by an iguana

Skill      XL: |  1  2  3  4  5 |
---------------+----------------+-----
Staves         | 1 2 3 4 |  4.2
Evocations     | 2 |  2.1
Stealth        | 1 |  1.0
Dodging        | 4 |  4.4
Fighting       | |  2.4
Polearms       | |  1.3
Armour         | |  0.7
Invocations    | |  2.0

Action                   |  1- 3 |  4- 6 || total
-------------------------+-------+-------++-------
Melee: Quarterstaff      |   123 |   207 ||   330
       Kick              |     3 |    40 ||    43
Throw: Stone             |    15 |    27 ||    42
       Tomahawk          |       |     2 ||     2
Invok: Depart the Abyss  |     1 |       ||     1
Evoke: Wand              |       |     3 ||     3
  Use: Scroll            |     7 |     1 ||     8
       Potion            |     4 |     1 ||     5
 Stab: Sleeping          |       |     7 ||     7
  Eat: Chunk             |     1 |     7 ||     8
Armor: Leather armour    |    10 |       ||    10
       Robe              |    15 |    46 ||    61
Dodge: Dodged            |    94 |   123 ||   217

Table legend:
 A = Turns spent in this place as a percentage of turns spent in the entire game.
 B = Non-inter-level travel turns spent in this place as a percentage of non-inter-level travel turns spent in the entire game.
 C = Inter-level travel turns spent in this place as a percentage of turns spent in this place.
 D = Turns resting spent in this place as a percentage of non-inter-level travel turns spent in this place.
 E = Turns spent auto-exploring this place as a percentage of non-inter-level travel turns spent in this place.
 F = Non-inter-level travel turns spent in this place divided by the number of levels of this place that you've seen.
                   A       B       C       D       E      F
               +-------+-------+-------+-------+-------+----------------------
         Total | 100.0 | 100.0 |   1.4 |   0.5 |   0.1 | 358.7
       Dungeon |  97.9 |  97.9 |   1.4 |   0.5 |   0.1 | 526.8
         Abyss |   2.1 |   2.1 |   0.0 |   0.0 |   0.0 |  22.5
               +-------+-------+-------+-------+-------+----------------------

Table legend:
 A = Kills in this place as a percentage of kills in entire the game.
 B = Kills by you in this place as a percentage of kills by you in the entire game.
 C = Kills by friends in this place as a percentage of kills by friends in the entire game.
 D = Other kills in this place as a percentage of other kills in the entire game.
 E = Experience gained in this place as a percentage of experience gained in the entire game.
 F = Experience gained in this place divided by the number of levels of this place that you have seen.
                   A       B       C       D       E      F
               +-------+-------+-------+-------+-------+----------------------
         Total | 100.0 | 100.0 |  -nan |  -nan | 100.0 |  62.5
       Dungeon | 100.0 | 100.0 |  -nan |  -nan | 100.0 |  93.8
               +-------+-------+-------+-------+-------+----------------------

Vault maps used:
D:1:      elethiomel_arrival_quiet
D:2:      lightli_temple_of_fire
D:3:      minmay_diamond_boxcup, lemuel_round_altar, lemuel_crystal_altar,
          yredelemnul_forgotten_temple_becter, lemuel_flame_loot_1, uniq_terence
D:4:      tso_oasis_becter, first_bread, lemuel_old_faithful
